 Dungeon Crawl Stone Soup version 0.26.1-11-gd32895ea62 (webtiles) character file.

Game seed: 11351595900642168790

384243 Theotherone the Slayer (level 22, -7/158 HPs)
             Began as a Gargoyle Fighter on July 1, 2021.
             Was the Champion of Okawaru.
             Killed by the air
             ... invoked by a titan
              (25 damage)
             ... on level 5 of the Vaults on Sept 20, 2021.
             The game lasted 02:24:47 (42888 turns).

Theotherone the Slayer (Gargoyle Fighter)          Turns: 42888, Time: 02:24:48

Health: -7/158     AC: 66    Str: 36    XL:     22   Next: 96%
Magic:  27/27      EV: 14    Int:  6    God:    Okawaru [******]
Gold:   3651       SH: 22    Dex: 13    Spells: 25/25 levels left

rFire    + . .     SeeInvis +   X - +3 demon whip "Kidujown" {vamp, *Contam rElec rPois MP-9}
rCold    . . .     Faith    .   D - +2 kite shield {AC+3}
rNeg     + + .     Spirit   .   P - +8 plate armour of Cahod {rElec MP+9 Int-3 Dex-3}
rPois    ∞         Reflect  +   r - +2 helmet {SInv}
rElec    +         Harm     .   E - +2 cloak {rCorr}
rCorr    +         Rampage  .   c - +2 pair of gloves {Dex+3}
Will     +....     Rnd*Rage +   R - +2 pair of boots "Ilubborr" {*Drain +Fly rF+ rN+ Dex+4}
Stlth    ..........             C - amulet of reflection
HPRegen  0.36/turn              y - ring of Divine Compulsion {Will+ Str+4 Stlth+}
MPRegen  0.20/turn              T - +4 ring of protection

@: weak-willed, flying
A: big wings, berserk 1, negative energy resistance 1, electricity resistance,
strong 1, unbreathing, petrification resistance, miasma immunity, AC +16
}: 2/15 runes: decaying, gossamer
a: Stop Flying, Renounce Religion, Heroism, Finesse


You were on level 5 of the Vaults.
You worshipped Okawaru.
Okawaru was exalted by your worship.
You visited 7 branches of the dungeon, and saw 37 of its levels.
You also visited: Bailey, Ice Cave and Desolation.

You collected 5549 gold pieces.
You spent 1898 gold pieces at shops.

Inventory:

Hand Weapons
 n - the +9 morningstar "Xoilocs" {vorpal, Str+6, unknown}
   (Okawaru gifted it to you on level 4 of the Vaults)

   It inflicts extra damage upon your enemies.
   It affects your strength (+6).
 B - a +8 morningstar of protection
 H - a +1 sacred scourge of holy wrath
 O - the +12 Vampire's Tooth {vamp}
   (You took it off a ragged hierophant in the Desolation of Salt)

   It inflicts no extra harm, but heals its wielder when it wounds a living foe.
 X - the +3 demon whip "Kidujown" (weapon) {vamp, *Contam rElec rPois MP-9}
   (Okawaru gifted it to you on level 6 of the Lair of Beasts)

   It inflicts no extra harm, but heals its wielder when it wounds a living foe.
   It insulates you from electricity.
   It protects you from poison.
   It affects your magic capacity (-9).
   It causes magical contamination when unequipped.
Missiles
 e - 27 silver javelins
 k - 20 javelins (quivered)
 L - 11 datura-tipped darts
Armour
 c - a +2 pair of gloves of dexterity (worn)
 r - a +2 helmet of see invisible (worn)
 D - a +2 kite shield of protection (worn)
 E - a +2 cloak of preservation (worn)
 F - a +1 crystal plate armour
 P - the +8 plate armour of Cahod (worn) {rElec MP+9 Int-3 Dex-3}
   (You bought it in a shop on level 2 of the Orcish Mines)

   It affects your intelligence (-3).
   It affects your dexterity (-3).
   It insulates you from electricity.
   It affects your magic capacity (+9).
 R - the +2 pair of boots "Ilubborr" (worn) {*Drain +Fly rF+ rN+ Dex+4}
   (You found it on level 9 of the Dungeon)

   It affects your dexterity (+4).
   It protects you from fire.
   It protects you from negative energy.
   It lets you fly.
   It causes draining when unequipped.
Magical Staves
 l - an uncursed staff of poison {unknown}
Jewellery
 g - the ring of Kairoemm {rC+ rN+}
   (You took it off a wizard on level 12 of the Dungeon)

   [ring of positive energy]

   It protects you from cold.
   It protects you from negative energy.
 y - the ring of Divine Compulsion (left hand) {Will+ Str+4 Stlth+}
   (You found it in an ice cave)

   [ring of stealth]

   It affects your strength (+4).
   It affects your willpower, your defense against some magical effects.
   It makes you more stealthy.
 C - an amulet of reflection (around neck)
 J - the ring of Moodiness {*Contam rElec rN+ Slay+5}
   (You found it in the Desolation of Salt)

   [ring of positive energy]

   It affects your accuracy and damage with ranged weapons and melee attacks
   (+5).
   It insulates you from electricity.
   It protects you from negative energy.
   It causes magical contamination when unequipped.
 N - the ring "Violus" {AC+4 Dex+7, unknown}
   (You found it in the Desolation of Salt)

   [ring of protection]

   It affects your AC (+4).
   It affects your dexterity (+7).
 T - a +4 ring of protection (right hand)
Wands
 a - a wand of acid (16)
 t - a wand of iceblast (56)
Scrolls
 i - 20 scrolls of remove curse
 j - 20 scrolls of teleportation
 o - a scroll of blinking
 I - 2 scrolls of fear
 S - a scroll of summoning
 W - 2 scrolls of immolation
 Y - 2 scrolls of fog
Potions
 d - 2 potions of invisibility
 f - 2 potions of berserk rage
 m - 14 potions of curing
 w - 3 potions of cancellation
Miscellaneous
 b - a tin of tremorstones (2/2)
 u - a condenser vane
 Q - a lightning rod (4/4)
 Z - a phantom mirror


   Skills:
 + Level 22.8 Fighting
 - Level 12.5 Maces & Flails
 - Level 8.0 Throwing
 - Level 19.6 Armour
 + Level 9.4 Dodging
 - Level 15.0 Shields
 - Level 2.0 Spellcasting
 - Level 7.0 Invocations
 + Level 11.9 Evocations


You had 25 spell levels left.
You didn't know any spells.
Your spell library contained the following spells:

 Spells                   Type           Power        Failure   Level
 Animate Skeleton         Necr           0%           80%         1
 Foxfire                  Conj/Fire      0%           80%         1
 Magic Dart               Conj           0%           80%         1
 Shock                    Conj/Air       0%           80%         1
 Summon Small Mammal      Summ           0%           80%         1
 Blink                    Tloc           N/A          90%         2
 Call Imp                 Summ           0%           90%         2
 Poisonous Vapours        Pois/Air       0%           90%         2
 Searing Ray              Conj           0%           90%         2
 Call Canine Familiar     Summ           0%           99%         3
 Conjure Flame            Conj/Fire      0%           99%         3
 Dazzling Flash           Conj/Hex       0%           99%         3
 Gell's Gravitas          Tloc           0%           99%         3
 Lesser Beckoning         Tloc           0%           99%         3
 Mephitic Cloud           Conj/Pois/Air  0%           99%         3
 Summon Guardian Golem    Hex/Summ       0%           99%         3
 Teleport Other           Tloc           0%           99%         3
 Vampiric Draining        Necr           0%           99%         3
 Cause Fear               Hex            0%           100%        4
 Fulminant Prism          Conj/Hex       0%           100%        4
 Iskenderun's Mystic Bla  Conj/Tloc      0%           100%        4
 Leda's Liquefaction      Hex/Erth       0%           100%        4
 Passage of Golubria      Tloc           N/A          100%        4
 Sticky Flame             Conj/Fire      0%           100%        4
 Summon Ice Beast         Ice/Summ       0%           100%        4
 Summon Lightning Spire   Summ/Air       0%           100%        4
 Bolt of Magma            Conj/Fire/Erth 0%           100%        5
 Borgnjor's Vile Clutch   Necr/Erth      0%           100%        5
 Fireball                 Conj/Fire      0%           100%        5
 Silence                  Hex/Air        0%           100%        5
 Yara's Violent Unravell  Hex/Tmut       0%           100%        5
 Freezing Cloud           Conj/Ice/Air   0%           100%        6
 Iron Shot                Conj/Erth      0%           100%        6
 Shadow Creatures         Summ           N/A          100%        6
 Discord                  Hex            0%           100%        8
 Shatter                  Erth           0%           100%        9
 Sublimation of Blood     Necr           Unusable     N/A         2
 Statue Form              Tmut/Erth      Unusable     N/A         6

Dungeon Overview and Level Annotations

Branches:
Dungeon (15/15)            Temple (1/1) D:7            Lair (6/6) D:11
  Swamp (4/4) Lair:2       Spider (4/4) Lair:2        Slime (0/5) Lair:5
    Orc (2/2) D:12            Elf (0/3) Orc:2        Vaults (5/5) D:13
  Crypt (0/3) Vaults:2     Depths (0/5) D:15         Bailey (visited)
  IceCv (visited)         Desolation (visited)

Altars:
Ashenzari
Cheibriados
Dithmenos
Elyvilon
Fedhas
Gozag
Hepliaklqana
Kikubaaqudgha
Makhleb
Nemelex Xobeh
Okawaru
Qazlal
Ru
Sif Muna
Trog
Uskayaw
Vehumet
Wu Jian
Xom
Yredelemnul
Zin
The Shining One
Beogh
Jiyva

Shops:
D:8 *   D:12 (*[(=   Orc:2 *[((

Portals:
Trove: D:10 (give horn of Geryon)


Innate Abilities, Weirdness & Mutations

You are resistant to torment.
Your stone body is resilient. (AC +16)
You are immune to poison.
Your large and strong wings let you fly indefinitely.
You resist negative energy. (rN+)
You are resistant to electric shocks. (rElec)
You can survive without breathing.
You are immune to petrification.
You are immune to miasma.
You tend to lose your temper in combat.
Your muscles are strong. (Str +2)


Message History

The tormentor closely misses you. You block the tormentor's attack.
The phantasmal warrior hits you!!
* * * LOW HITPOINT WARNING * * *
Unknown command.
Unknown command.
Blink to where?
Press: ? - help, Dir - move target
As you read the scroll of blinking, it crumbles to dust.
A quicksilver dragon and a titan come into view.
The titan shouts!
The quicksilver dragon roars deafeningly!
The quicksilver dragon breathes dispelling energy at you.
The bolt of dispelling energy misses you.
You feel better.
The phantasmal warrior blinks!
Blink to where?
Press: ? - help, Dir - move target
As you read the scroll of blinking, it crumbles to dust.
The titan waves its arms in wide circles.
The air twists around and violently strikes you in flight!!
You die...

.....# ....#
...... #....# ..
......##....#...
.......#....#...
#...............
#######....[...##
.......[)[[[..[..
.......[([<<[[...
.......[[@.[<)...
.......[[D<<[)...
########.[[[[...##
..........[)[...(.
........C#....#.##
#######(.#....#+#
#..#....#
#§W#....#
#..#....#


You could see a titan, a quicksilver dragon (catching breath) and a phantasmal
warrior (strong).

Vanquished Creatures
  Mennas (Vaults:2)
  Sojobo (Vaults:2)
  Nikola (Spider:1)
  The ghost of agentgt the Warrior, a veteran KoAK of Lugonu (Vaults:4)
  A tentacled monstrosity (Vaults:5)
  2 liches
  2 titans
  A sphinx (Vaults:4)
  Gastronok (D:9)
  3 shadow dragons
  3 tengu reavers
  Kirke (Spider:1)
  Roxanne (D:14)
  A fire giant (Vaults:3)
  A frost giant (Vaults:5)
  9 vault wardens
  A deep elf sorcerer (Vaults:3)
  2 imperial myrmidons (Desolation)
  Aizul (Spider:1)
  An iron dragon (Vaults:4)
  Louise (Swamp:1)
  2 orc warlords
  2 ghost moths (Spider:4)
  9 emperor scorpions
  6 ironheart preservers
  A very ugly thing (Vaults:4)
  2 ghouls
  6 stone giants
  A war gargoyle (Vaults:5)
  A halazid warlock (Desolation)
  4 entropy weavers
  A deep elf demonologist (Vaults:3)
  A bunyip (Swamp:4)
  A dire elephant (D:15)
  The ghost of Hairutzoic the Fighter, a journeyman MiBe of Trog (Lair:5)
  3 ettins
  A deep elf death mage (Vaults:3)
  2 fire dragons
  A crystal guardian (Desolation)
  An eidolon (Vaults:2)
  Josephine (D:11)
  4 eleionomae
  The ghost of Ypehuijo the Spear-Bearer, a journeyman OpFi of Gozag (Lair:5)
  7 ragged hierophants (Desolation)
  Fannar (D:12)
  3 great orbs of eyes
  7 yaktaur captains
  An ice dragon (shapeshifter) (Vaults:4)
  A deep elf high priest (Vaults:4)
  10 boulder beetles
  13 servants of whispers (Desolation)
  32 vault guards
  8 peacekeepers (Desolation)
  14 hydras
  9 ice dragons
  15 two-headed ogres
  7 centaur warriors
  2 death knights (Vaults:4)
  2 catoblepae
  2 ghost crabs
  2 alligators (Swamp:2)
  A dancing weapon (Vaults:4)
  10 death yaks
  7 ogre magi
  5 hell knights
  2 deep elf knights
  Sonja (Orc:1)
  A shadow wraith (Vaults:3)
  An unseen horror (shapeshifter) (Vaults:5)
  A goliath frog (Swamp:4)
  7 skeletal warriors
  5 wizards
  5 unseen horrors
  Pikel (D:9)
  4 flayed ghosts
  18 ironbrand convokers
  4 phantasmal warriors
  3 bog bodies
  4 glowing orange brains
  A lindwurm (Lair:3)
  3 deep elf archers
  8 harpies
  7 swamp dragons
  10 deep elf magi
  4 necromancers
  16 orc knights
  5 will-o-the-wisps
  4 orc sorcerers
  3 manticores
  2 oklob plants (D:11)
  13 orb spiders
  30 wolf spiders
  35 ugly things
  3 elephants (Lair:5)
  2 moths of wrath
  2 ice statues (IceCv)
  4 cyclopes
  A frost giant skeleton (Vaults:5)
  A black mamba (shapeshifter) (Vaults:4)
  Maurice (D:13)
  4 guardian serpents (Desolation)
  5 black mambas
  2 rust devils (D:12)
  A cane toad (shapeshifter) (D:14)
  9 vault sentinels
  16 cane toads
  3 molten gargoyles (Desolation)
  4 gargoyles
  3 torpor snails
  7 centaur skeletons
  4 demonic crawlers
  An orange demon (D:12)
  5 rime drakes
  10 komodo dragons
  A yaktaur (shapeshifter) (Vaults:1)
  8 freezing wraiths
  35 yaktaurs
  A rime drake (shapeshifter) (Vaults:4)
  7 trolls
  2 tengu conjurers (D:15)
  17 jumping spiders
  A meliai (shapeshifter) (Vaults:2)
  22 hornets
  A jumping spider (shapeshifter) (D:13)
  7 polar bears
  5 tyrant leeches
  65 saltlings (Desolation)
  A raiju (shapeshifter) (Vaults:1)
  17 slime creatures
  22 blink frogs
  19 dream sheep
  2 vampires
  36 redbacks
  17 spriggans
  57 yaks
  11 wraiths
  23 tarantellas
  6 wyverns
  5 basilisks
  2 hogs (Spider:1)
  2 swamp worm simulacra (Swamp:4)
  2 soldier ants (D:14)
  7 swamp worms
  7 wargs
  2 acid dragons
  12 hydra simulacra (Swamp:4)
  An acid dragon (shapeshifter) (Vaults:2)
  7 hell hounds (D:12)
  12 water moccasins
  23 ice beasts
  46 orc warriors
  A swamp drake (Swamp:1)
  7 black bears
  A necrophage (D:7)
  4 boggarts
  5 phantoms
  36 wolves
  A boggart (shapeshifter) (Vaults:3)
  23 ogres
  22 centaurs
  A lemure (D:9)
  6 big kobolds
  18 bullfrogs
  A wyvern zombie (D:10)
  A wyvern skeleton (D:10)
  4 scorpions
  3 killer bees (D:8)
  2 human simulacra
  3 wights (D:9)
  2 electric eels
  7 howler monkeys
  7 centaur zombies
  6 quasits
  24 orc priests
  7 hounds
  3 jellies
  24 orc wizards
  3 bullfrog skeletons
  Natasha (D:2)
  6 iguanas
  11 worker ants
  A hound zombie (D:6)
  A hound skeleton (D:7)
  A worker ant zombie (D:9)
  12 adders
  16 gnolls
  A shadow imp (D:8)
  A white imp (D:5)
  3 ufetubi
  An ooze (D:3)
  A swamp drake simulacrum (Swamp:4)
  7 worms
  5 dart slugs
  4 leopard geckos
  138 orcs
  5 bats
  5 giant cockroaches
  22 hobgoblins
  18 jackals
  36 kobolds
  3 quokkas
  3 ball pythons
  5 frilled lizards
  14 goblins
  A leopard gecko skeleton (D:8)
  A leopard gecko zombie (D:5)
  5 rats
  2 crawling corpses (Vaults:3)
1596 creatures vanquished.

Vanquished Creatures (collateral kills)
  A deep elf annihilator (Vaults:5)
  An ettin (Vaults:5)
2 creatures vanquished.

Vanquished Creatures (others)
  2 hydras (Swamp:4)
  An alligator (Swamp:2)
  A goliath frog (Swamp:4)
  A swamp dragon (Swamp:2)
  4 bloated husks
  3 saltlings (Desolation)
  A human (Spider:1)
  4 swamp worms
  A swamp drake (Swamp:2)
  An ogre (Vaults:3)
  2 boggarts (Vaults:3)
  An orc wizard (Orc:2)
  An iguana (D:12)
  3 orcs
  30 foxfires
  7 fungi
  70 plants
133 creatures vanquished.

Grand Total: 1731 creatures vanquished

Notes
Turn   | Place    | Note
-------+----------+-------------------------------------------
     0 | D:1      | Theotherone the Gargoyle Fighter began the quest for the
                  | Orb.
     0 | D:1      | Reached XP level 1. HP: 14/14 MP: 1/1
   254 | D:1      | Reached XP level 2. HP: 19/19 MP: 2/2
  1074 | D:2      | Reached XP level 3. HP: 22/23 MP: 3/3
  1303 | D:2      | Noticed Natasha
  1314 | D:2      | Reached XP level 4. HP: 21/29 MP: 4/4
  1331 | D:2      | Killed Natasha
  1708 | D:2      | Reached XP level 5. HP: 32/33 MP: 5/5
  3085 | D:3      | Reached skill level 5 in Maces & Flails
  3254 | D:4      | Noticed an ogre
  3272 | D:4      | Killed an ogre
  3273 | D:4      | Reached XP level 6. HP: 32/38 MP: 6/6
  3619 | D:4      | Reached XP level 7. HP: 24/42 MP: 7/7
  4703 | D:5      | Entered Level 5 of the Dungeon
  5259 | D:5      | Reached XP level 8. HP: 48/48 MP: 8/8
  5739 | D:6      | Reached skill level 4 in Fighting
  6320 | D:6      | Noticed a yak
  6320 | D:6      | Noticed a yak
  6320 | D:6      | Noticed a yak
  6324 | D:6      | Killed a yak
  6335 | D:6      | Killed a yak
  6336 | D:6      | Reached skill level 5 in Fighting
  6336 | D:6      | Reached skill level 5 in Armour
  6343 | D:6      | Killed a yak
  7117 | D:7      | Reached skill level 6 in Fighting
  7117 | D:7      | Reached XP level 9. HP: 51/55 MP: 9/9
  7209 | D:7      | Found a snail-covered altar of Cheibriados.
  7329 | D:7      | Found a staircase to the Ecumenical Temple.
  7352 | Temple   | Entered the Ecumenical Temple
  7508 | Temple   | Became a worshipper of Warmaster Okawaru
  8374 | D:8      | Reached skill level 7 in Fighting
  8467 | D:8      | Reached * piety under Okawaru
  8848 | D:8      | Reached skill level 8 in Fighting
  9016 | D:8      | Reached skill level 5 in Shields
  9095 | D:8      | Found Niezoqab's Assorted Antiques.
  9102 | D:8      | Bought a pink potion for 24 gold pieces
  9102 | D:8      | Bought a runed cloak for 202 gold pieces
  9102 | D:8      | Bought a scroll of enchant weapon for 202 gold pieces
  9102 | D:8      | Bought a scroll labelled SUUCRA ASTRI for 27 gold pieces
  9412 | D:9      | Reached XP level 10. HP: 62/64 MP: 7/10
  9444 | D:9      | Noticed a two-headed ogre
  9453 | D:9      | Killed a two-headed ogre
  9551 | D:9      | Noticed Gastronok
  9567 | D:9      | Killed Gastronok
  9567 | D:9      | Reached ** piety under Okawaru
  9567 | D:9      | Reached *** piety under Okawaru
  9568 | D:9      | Reached skill level 5 in Invocations
  9682 | D:9      | Found an iron altar of Okawaru.
  9752 | D:9      | Killed an unseen horror
  9987 | D:9      | Noticed Pikel
 10008 | D:9      | Killed Pikel
 10008 | D:9      | Reached **** piety under Okawaru
 10009 | D:9      | Reached XP level 11. HP: 62/68 MP: 12/16
 10060 | D:9      | Got a pair of brightly glowing boots
 10061 | D:9      | Identified the +2 pair of boots "Ilubborr" {*Drain +Fly rF+
                  | rN+ Dex+4} (You found it on level 9 of the Dungeon)
 10110 | D:9      | Reached skill level 1 in Evocations
 10447 | D:10     | Entered Level 10 of the Dungeon
 11002 | D:10     | Found a glowing silver altar of Zin.
 11119 | D:10     | Noticed a boulder beetle
 11139 | D:10     | Killed a boulder beetle
 11139 | D:10     | Reached ***** piety under Okawaru
 11140 | D:10     | Reached skill level 5 in Evocations
 11528 | D:10     | Found a portal to a secret trove of treasure.
 12076 | D:11     | Found a flagged portal.
 12099 | Bailey   | Entered a bailey
 12337 | Bailey   | Reached skill level 10 in Shields
 12537 | Bailey   | Noticed an orc warlord
 12538 | Bailey   | Noticed an orc knight
 12572 | Bailey   | Killed an orc warlord
 12600 | Bailey   | Gained mutation: You tend to lose your temper in combat.
                  | [potion of mutation]
 12600 | Bailey   | Gained mutation: Your muscles are strong. (Str +2) [potion
                  | of mutation]
 12615 | Bailey   | Killed an orc knight
 12615 | Bailey   | Received a gift from Okawaru
 12616 | Bailey   | Reached XP level 12. HP: 55/73 MP: 12/17
 12752 | Bailey   | Identified a scroll of acquirement
 12752 | Bailey   | Acquired 1043 gold pieces
 12790 | Bailey   | Got an ichor-stained scale mail
 12803 | Bailey   | Identified the +3 scale mail "Moiminga" {Dex+3 Slay+2} (You
                  | found it in a bailey)
 12889 | D:11     | Found an ornate altar of the Wu Jian Council.
 13085 | D:11     | Found a staircase to the Lair.
 13123 | D:11     | Reached skill level 10 in Armour
 13162 | D:11     | Noticed Josephine
 13179 | D:11     | Killed Josephine
 13179 | D:11     | Received a gift from Okawaru
 13185 | D:11     | Reached skill level 9 in Fighting
 13457 | Lair:1   | Entered Level 1 of the Lair of Beasts
 13873 | Lair:1   | Reached skill level 1 in Throwing
 14824 | Lair:2   | Reached ****** piety under Okawaru
 14857 | Lair:2   | Reached skill level 5 in Throwing
 15051 | Lair:2   | Received a gift from Okawaru
 15073 | Lair:2   | Reached skill level 10 in Fighting
 15277 | Lair:2   | Received a gift from Okawaru
 15373 | Lair:2   | Reached XP level 13. HP: 82/82 MP: 18/18
 15401 | Lair:2   | Received a gift from Okawaru
 15762 | Lair:2   | Found a staircase to the Swamp.
 15871 | Lair:2   | Found a hole to the Spider Nest.
 16091 | Lair:3   | Reached skill level 11 in Fighting
 16974 | Lair:4   | Reached skill level 12 in Fighting
 17393 | Lair:4   | Received a gift from Okawaru
 18087 | Lair:5   | Received a gift from Okawaru
 18096 | Lair:5   | Gained mutation: Your large and strong wings let you fly
                  | indefinitely. [Gargoyle growth]
 18096 | Lair:5   | Reached XP level 14. HP: 79/92 MP: 17/19
 18136 | Lair:5   | Reached skill level 13 in Fighting
 18147 | Lair:5   | Reached skill level 10 in Maces & Flails
 18320 | Lair:5   | Found a runed translucent door.
 18347 | Lair:5   | Found a transporter.
 18353 | Lair:5   | Found a staircase to the Slime Pits.
 18369 | Lair:5   | Found a viscous altar of Jiyva.
 18369 | Lair:5   | Noticed Ypehuijo's ghost (journeyman OpFi)
 18379 | Lair:5   | Found a transporter.
 18523 | Lair:5   | Received a gift from Okawaru
 18524 | Lair:5   | Reached skill level 14 in Fighting
 18541 | Lair:5   | Got a translucent eveningstar {god gift}
 18542 | Lair:5   | Identified the +2 eveningstar "Weodem" {antimagic, Fragile
                  | rElec rPois Stlth+} (Okawaru gifted it to you on level 5 of
                  | the Lair of Beasts)
 18921 | Lair:5   | Noticed Hairutzoic's ghost (journeyman MiBe)
 19016 | Lair:5   | Identified the Papyrus of Confrontation
 19100 | Lair:5   | Killed Ypehuijo's ghost
 19114 | Lair:5   | Killed Hairutzoic's ghost
 19125 | Lair:5   | Reached skill level 15 in Fighting
 19344 | Lair:6   | Entered Level 6 of the Lair of Beasts
 19373 | Lair:6   | Received a gift from Okawaru
 19424 | Lair:6   | Got a steaming demon whip {god gift}
 19427 | Lair:6   | Identified the +3 demon whip "Kidujown" {vamp, *Contam
                  | rElec rPois MP-9} (Okawaru gifted it to you on level 6 of
                  | the Lair of Beasts)
 19903 | Lair:6   | Reached skill level 16 in Fighting
 19925 | Lair:6   | Reached skill level 1 in Dodging
 20151 | Lair:6   | Received a gift from Okawaru
 20152 | Lair:6   | Reached XP level 15. HP: 104/104 MP: 9/20
 20173 | Lair:6   | Reached XP level 16. HP: 110/110 MP: 12/21
 20174 | Lair:6   | Reached XP level 17. HP: 115/115 MP: 13/22
 20315 | Lair:6   | Reached skill level 5 in Dodging
 21307 | D:12     | Found Ankeex's Antique Armour Boutique.
 21339 | D:12     | Bought a pair of embroidered gloves for 225 gold pieces
 21366 | D:12     | Found Peoh's Weapon Emporium.
 21380 | D:12     | Found a frozen archway.
 21496 | IceCv    | Entered an ice cave
 21886 | IceCv    | Got a clouded pewter ring
 21962 | D:12     | Found a staircase to the Orcish Mines.
 21982 | D:12     | Noticed Fannar
 21990 | D:12     | Killed Fannar
 22008 | D:12     | Received a gift from Okawaru
 22115 | D:12     | Found Riss's Jewellery Emporium.
 22289 | D:12     | Found a runed translucent door.
 22347 | D:12     | Identified the ring of Divine Compulsion {Will+ Str+4
                  | Stlth+} (You found it in an ice cave)
 22390 | D:12     | Got a shimmering trident
 22423 | D:12     | Received a gift from Okawaru
 23100 | D:12     | Reached skill level 17 in Fighting
 23175 | D:12     | Identified the +6 glaive of Infection {speed, Int+2}
 23175 | D:12     | Identified the ring of Kairoemm {rC+ rN+}
 23184 | D:12     | Paralysed by a wizard for 5 turns
 23240 | D:12     | Got a glittering bronze amulet
 23488 | D:12     | Found Jofrog Voykh's General Store.
 23496 | D:12     | Bought a scroll of enchant weapon for 112 gold pieces
 23555 | D:12     | Found Igaa's Antique Weapon Shoppe.
 23672 | D:13     | Received a gift from Okawaru
 23813 | D:13     | Found a gate to the Vaults.
 23916 | D:13     | Found a glowing golden altar of the Shining One.
 23953 | D:13     | Received a gift from Okawaru
 24202 | D:13     | Noticed Maurice
 24227 | D:13     | Killed Maurice
 24612 | D:14     | Reached skill level 18 in Fighting
 24667 | D:14     | Found an opulent altar of Gozag.
 24715 | D:14     | Received a gift from Okawaru
 24868 | D:14     | Noticed Roxanne
 24893 | D:14     | Killed Roxanne
 25345 | D:15     | Entered Level 15 of the Dungeon
 25351 | D:15     | Received a gift from Okawaru
 25513 | D:15     | Reached XP level 18. HP: 125/125 MP: 14/23
 25696 | D:15     | Received a gift from Okawaru
 26320 | D:15     | Found a staircase to the Depths.
 26560 | Orc:1    | Entered Level 1 of the Orcish Mines
 26589 | Orc:1    | Found a roughly hewn altar of Beogh.
 26632 | Orc:1    | Noticed Sonja
 26639 | Orc:1    | Killed Sonja
 26904 | Orc:2    | Entered Level 2 of the Orcish Mines
 27011 | Orc:2    | Found a roughly hewn altar of Beogh.
 27012 | Orc:2    | Found Visujora's Antique Weapon Boutique.
 27150 | Orc:2    | Found a staircase to the Elven Halls.
 27278 | Orc:2    | Found a shimmering blue altar of Sif Muna.
 27279 | Orc:2    | Reached skill level 1 in Spellcasting
 27294 | Orc:2    | Identified Sif Muna's Guide on Feathers
 27451 | Orc:2    | Found a roughly hewn altar of Beogh.
 27495 | Orc:2    | Found a roughly hewn altar of Beogh.
 27505 | Orc:2    | Found Quyfae's Assorted Antiques.
 27526 | Orc:2    | Bought a scroll of identify for 70 gold pieces
 27526 | Orc:2    | Bought a glowing glass wand for 140 gold pieces
 27818 | Orc:2    | Found a roughly hewn altar of Beogh.
 27818 | Orc:2    | Found Ulurphoh's Antique Armour Emporium.
 27821 | Orc:2    | Found Qotsaugg's Antique Weapon Shoppe.
 27829 | Orc:2    | Bought a warped plate armour for 896 gold pieces
 27835 | Orc:2    | Identified the +8 plate armour of Cahod {rElec MP+9 Int-3
                  | Dex-3} (You bought it in a shop on level 2 of the Orcish
                  | Mines)
 27984 | Orc:2    | Found a roughly hewn altar of Beogh.
 28057 | Orc:2    | Found a roughly hewn altar of Beogh.
 28278 | Spider:1 | Entered Level 1 of the Spider Nest
 28284 | Spider:1 | Noticed Nikola
 28334 | Spider:1 | Killed Nikola
 28334 | Spider:1 | Received a gift from Okawaru
 28356 | Spider:1 | Noticed Aizul
 28386 | Spider:1 | Killed Aizul
 28520 | Spider:1 | Noticed Kirke
 28543 | Spider:1 | Killed Kirke
 28629 | Spider:1 | Identified the amulet "Tyac" {Acrobat +Fly rElec} (You
                  | found it on level 12 of the Dungeon)
 28738 | Spider:1 | Received a gift from Okawaru
 28791 | Spider:1 | Got a pair of heavily runed boots
 29394 | Spider:3 | Identified the cursed +0 pair of boots of Forking Paths
                  | {rC+ rN+} (You found it on level 1 of the Spider Nest)
 29562 | Spider:4 | Entered Level 4 of the Spider Nest
 29820 | Spider:4 | Received a gift from Okawaru
 29821 | Spider:4 | Reached skill level 15 in Shields
 29864 | Spider:4 | Reached XP level 19. HP: 98/130 MP: 24/24
 30590 | Spider:4 | Got a gossamer rune of Zot
 30874 | Swamp:1  | Entered Level 1 of the Swamp
 31034 | Swamp:1  | Noticed Louise
 31090 | Swamp:1  | Killed Louise
 31207 | Swamp:2  | Reached skill level 10 in Evocations
 31300 | Swamp:4  | Entered Level 4 of the Swamp
 31422 | Swamp:4  | Reached skill level 15 in Armour
 31472 | Swamp:4  | Received a gift from Okawaru
 31935 | Swamp:4  | Got a decaying rune of Zot
 32626 | Vaults:1 | Entered Level 1 of the Vaults
 32957 | Vaults:1 | Received a gift from Okawaru
 33402 | Vaults:1 | Reached skill level 19 in Fighting
 33551 | Vaults:1 | Reached XP level 20. HP: 127/139 MP: 25/25
 33698 | Vaults:1 | Received a gift from Okawaru
 33873 | Vaults:1 | Received a gift from Okawaru
 35167 | Vaults:2 | Noticed Sojobo
 35231 | Vaults:2 | Killed Sojobo
 35231 | Vaults:2 | Received a gift from Okawaru
 35505 | Vaults:2 | Noticed Mennas
 35577 | Vaults:2 | Killed Mennas
 35577 | Vaults:2 | Received a gift from Okawaru
 35578 | Vaults:2 | Reached skill level 20 in Fighting
 35783 | Vaults:2 | Received a gift from Okawaru
 36019 | Vaults:2 | Found a staircase to the Crypt.
 36203 | Vaults:2 | Received a gift from Okawaru
 36767 | Vaults:3 | Reached XP level 21. HP: 147/147 MP: 26/26
 37176 | Vaults:3 | Received a gift from Okawaru
 37392 | Vaults:3 | Reached skill level 21 in Fighting
 38494 | Vaults:4 | Received a gift from Okawaru
 38700 | Vaults:4 | Found a ruined gateway.
 38710 | Desolati | Entered the Desolation of Salt
 38752 | Desolati | Received a gift from Okawaru
 38888 | Desolati | Received a gift from Okawaru
 39079 | Desolati | Got a scintillating golden ring
 39092 | Desolati | Got a brightly glowing bardiche
 39222 | Desolati | Received a gift from Okawaru
 39266 | Desolati | Got a smoking lead ring
 39267 | Desolati | Identified Sif Muna's Papyrus of Sinister Creation
 39642 | Desolati | Reached skill level 22 in Fighting
 39646 | Desolati | Reached XP level 22. HP: 78/155 MP: 27/27
 39709 | Desolati | Found the +8 trident of the Octopus King {venom, rElec
                  | rPois Will+}
 40601 | Vaults:4 | Found a runed translucent door.
 40601 | Vaults:4 | Noticed agentgt's ghost (veteran KoAK)
 41209 | Vaults:4 | Identified the ring of Moodiness {*Contam rElec rN+ Slay+5}
                  | (You found it in the Desolation of Salt)
 41431 | Vaults:4 | Acquired a +2 eveningstar of holy wrath
 41519 | Vaults:4 | Received a gift from Okawaru
 41527 | Vaults:4 | Got a shimmering morningstar {god gift}
 41643 | Vaults:4 | Killed agentgt's ghost
 41807 | Vaults:5 | Entered Level 5 of the Vaults
 41824 | Vaults:5 | Received a gift from Okawaru
 42542 | Vaults:5 | Paralysed by a floating eye for 3 turns
 42547 | Vaults:5 | Paralysed by a floating eye for 4 turns
 42819 | Vaults:5 | Received a gift from Okawaru
 42877 | Vaults:5 | Received a gift from Okawaru
 42888 | Vaults:5 | Killed from afar by a titan

Illustrated notes

Levels and vault maps discovered:
D:1:      psy_arrival_basics, layout_basic
D:2:      layout_loops_ring, uniq_natasha
D:3:      layout_basic, minmay_liquid_box, nicolae_underground_beach
D:4:      layout_rooms
D:5:      layout_basic, serial_bayou_ford_a
D:6:      layout_basic
D:7:      layout_basic, cheibrodos_worm_habitat, minmay_temple_entry_mist
D:8:      layout_cave_pools, serial_shops, shop, grunt_ministairs_9
D:9:      minmay_bubble_buster, layout_rooms, kennysheep_okawaru_gauntlet,
          uniq_pikel, uniq_gastronok
D:10:     layout_grid_maze, nicolae_trove_entry_free_sample, basic_altar,
          nzn_sisyphean_effort
D:11:     layout_roguey, dpeg_oklobed_lair, enter_bailey_4, basic_altar,
          uniq_josephine
D:12:     mludivico_vault, layout_cave_pools, hiddenorc1_lemuel,
          portal_ice_cave_entry_ice_beasts, serial_shops, shop,
          nicolae_shop_behind_doors, shop, shop, shop, uniq_fannar
D:13:     layout_roguey, david_vaults_4, nicolae_tso_carved_into_rock,
          uniq_maurice
D:14:     layout_cave_pods, nicolae_gozag_seed_capital, uniq_roxanne
D:15:     hangedman_depths_entry_try_elsewhere_first, layout_cave_pods,
          serial_bayou_pond_e
Temple:   nicolae_temple_the_god_donut
Lair:1:   layout_layer_cave, grunt_forest_large_clearing_hut
Lair:2:   layout_cave_pods, minmay_swamp_entry_worms,
          spider_nest_entry_funnel_web, minivault_24, st_stairs_6,
          beast_lair_carwin_2
Lair:3:   layout_hall_layers
Lair:4:   layout_cellular_growth, forest_entry_grove, serial_bayou_shore_a
Lair:5:   layout_cave_pods, slime_altar_1, nzn_ghost_randoct, pf_torpor_hydra
Lair:6:   minmay_lair_end_enchanted_forest, layout_cave_pods,
          serial_bayou_lagoon_a
Swamp:1:  layout_basic_swamp, evilmike_swamp_ruin_house_3, uniq_louise
Swamp:2:  layout_basic_swamp, evilmike_swamp_ruin_wall, swamp_pool1
Swamp:3:  layout_basic_swamp, evilmike_swamp_ruin_rubble_2, swamp_pool1,
          grunt_ruined_hall, uniq_jorgrun
Swamp:4:  swamp_icy, layout_basic_swamp, hangedman_swamp_pad
Spider:1: layout_spider_delve, uniq_nikola, uniq_aizul, uniq_kirke, uniq_agnes
Spider:2: layout_spider_delve
Spider:3: layout_spider_delve
Spider:4: grunt_spider_rune_parallel
Orc:1:    layout_caves, basic_altar, uniq_sonja
Orc:2:    grunt_orc_community_town_hall, layout_caves,
          grunt_orc_community_big_house_1, grunt_orc_community_big_house_2,
          grunt_orc_community_house_3, grunt_orc_community_house_2,
          grunt_orc_community_house_3, grunt_orc_community_house_3, led_sif_book
Vaults:1: hangedman_vaults_pinch, ontoclasm_vaults_gateway,
          ontoclasm_vaults_loading_screen, v_pattern_3,
          nicolae_vaults_bisected_inception, vaults_standard_mumra_x, v_misc_18,
          ontoclasm_vaults_fault, vaults_dpeg_spiral,
          nicolae_vaults_network_periphery, nicolae_vaults_triangles,
          nicolae_vaults_little_squares_2, grunt_vaults_bifocal,
          ontoclasm_vaults_loading_screen, nicolae_vaults_little_squares_4,
          layout_vaults_omnibox
Vaults:2: minmay_crypt_entry_simple_statues, v_misc_8,
          ontoclasm_vaults_misaligned, grunt_vaults_focal, v_alt_pattern_5,
          v_alt_pattern_1, vaults_room_guarded_vault,
          nicolae_vaults_yaktaur_gun_rack, nicolae_vaults_little_squares_5,
          v_alt_pattern_6, vaults_room_octagon, layout_vaults_omnicross,
          uniq_sojobo, uniq_mennas
Vaults:3: ontoclasm_vaults_decontamination, hangedman_vaults_slice,
          nicolae_vaults_arrows, nicolae_vaults_big_ls, v_misc_29,
          nicolae_vaults_ring_of_whatevers, ontoclasm_vaults_chip, v_pattern_4,
          ontoclasm_vaults_loading_screen, layout_vaults_omnigrid
Vaults:4: ebering_vaults_ghost_inner_flame, vaults_room_fours, v_rooms_5,
          hangedman_vaults_capsules, vaults_room_hangedman_quadrants, v_misc_19,
          nicolae_vaults_sealed_display, v_alt_pattern_6, vaults_room_corners,
          layout_vaults_big_room, portal_desolation_entry_nicolae_slug
Vaults:5

Skill      XL: |  1  2  3  4  5  6  7  8  9 10 11 12 13 14 15 16 17 18 19 20 21 22 |
---------------+-------------------------------------------------------------------+-----
Maces & Flails | 3 4 5 6 8 9 10 11 12 | 12.5
Fighting       | 6 8 10 12 16 18 19 20 22 | 22.8
Armour         | 6 8 9 11 13 14 15 18 19 | 19.6
Shields        | 6 9 10 11 15 | 15.0
Invocations    | 7 |  7.0
Evocations     | 6 10 11 | 11.9
Throwing       | 5 6 7 8 |  8.0
Dodging        | 2 4 7 9 |  9.4
Spellcasting   | 2 |  2.0

Action                   |  1- 3 |  4- 6 |  7- 9 | 10-12 | 13-15 | 16-18 | 19-21 | 22-24 || total
-------------------------+-------+-------+-------+-------+-------+-------+-------+-------++-------
Melee: Flail             |   109 |   191 |   101 |       |       |       |       |       ||   401
       Whip              |       |       |   345 |   845 |   881 |       |       |       ||  2071
       Demon whip        |       |       |       |       |    65 |  2105 |  2860 |   609 ||  5639
Invok: Heroism           |       |       |     2 |    17 |    23 |    35 |    27 |     9 ||   113
       Finesse           |       |       |       |     1 |       |     2 |     2 |     1 ||     6
 Abil: Evoke Flight      |       |       |       |     1 |       |       |       |       ||     1
       Fly               |       |       |       |       |       |     1 |       |       ||     1
Evoke: Wand              |       |     1 |     2 |       |       |     1 |       |     1 ||     5
       Tin of tremorston |       |       |       |     1 |       |       |       |       ||     1
       Condenser vane    |       |       |       |       |       |       |     1 |     1 ||     2
       Lightning rod     |       |       |       |       |       |       |       |     1 ||     1
  Use: Potion            |       |     2 |     1 |     6 |     2 |     4 |     8 |     6 ||    29
       Scroll            |       |       |    19 |    15 |     7 |     9 |    13 |    11 ||    74
 Stab: Paralysed         |       |     3 |     6 |       |       |       |       |       ||     9
       Petrifying        |       |       |       |       |       |     1 |       |       ||     1
       Petrified         |       |       |       |       |       |     1 |       |       ||     1
Armor: Scale mail        |    78 |   123 |   100 |    98 |    33 |       |       |       ||   432
       Plate armour      |       |       |    92 |   224 |   407 |   859 |  1377 |   311 ||  3270
       Chain mail        |       |       |    64 |       |       |       |       |       ||    64
Dodge: Dodged            |    62 |    66 |   123 |   167 |   278 |   576 |   912 |   195 ||  2379
Block: Kite shield       |    68 |   122 |   249 |   406 |   692 |  1793 |  2853 |   579 ||  6762
       Reflection        |       |       |       |       |       |    24 |   110 |    14 ||   148
